HS
CULLMAN HS CAVALIERS @ CARROLL HS DRAGONS
03/23/2060
 
TOP OF THE 1ST
Cullman HS Cavaliers batting - Pitching for Carroll HS Dragons : RHP Eldon Rice
Pitching: RHP Eldon Rice
Batting: LHB Clark Norrell 0-0: Ball
1-0: Ball
2-0: Ball
3-0: Base on Balls
Batting: LHB Chris Johnson 0-0: Called Strike
0-1: Called Strike
0-2: Foul Ball, location: 2F
0-2: Ball
1-2: Ball
2-2: Ball
3-2: Base on Balls
Clark Norrell to second
Batting: SHB Joe Harkins 0-0: Ball
1-0: 3-RUN HOME RUN (Flyball, 9LD, EV 92.5 MPH), Distance : 337 ft
Batting: LHB Phil Whitney 0-0: Called Strike
0-1: Ball
1-1: Ball
2-1: Ball
3-1: Base on Balls
Batting: RHB Max Grady 0-0: Ball
1-0: Called Strike
1-1: SINGLE (Line Drive, 9S, EV 96.9 MPH)
Phil Whitney to second
Batting: RHB Randall Huerta 0-0: Ball
1-0: Ball
2-0: Ball
3-0: Base on Balls
Phil Whitney to third
Max Grady to second
Batting: RHB Donovan Canziani 0-0: SINGLE (Groundball, 34D, EV 98.8 MPH)
Phil Whitney scores
Max Grady to third
Randall Huerta to second
Batting: RHB Joel Sullivan 0-0: Ball
1-0: Called Strike
1-1: Called Strike
1-2: Foul Ball, location: 2F
1-2: Fly out, F7 (Flyball, 78S, EV 91.9 MPH)
Batting: RHB Ricky Potthoff 0-0: Foul Ball, location: 2F
0-1: Swinging Strike
0-2: Ball
1-2: Strikes out swinging
Batting: LHB Clark Norrell 0-0: Swinging Strike
0-1: Ball
1-1: Swinging Strike
1-2: Ball
2-2: Foul Ball, location: 2F
2-2: SINGLE (Groundball, 6M, EV 103.1 MPH)
Max Grady scores
Randall Huerta to third
Donovan Canziani to second
Runner from 3rd tries for Home, SAFE, throw by CF to home
Pitching: LHP Jaeden DeVenny
Batting: LHB Chris Johnson 0-0: Ball
1-0: Ball
2-0: Ball
3-0: Called Strike
3-1: Foul Ball, location: 2F
3-2: Foul Ball, location: 2F
3-2: Strikes out swinging
Top of the 1st over - 6 runs, 4 hits, 0 errors, 2 left on base; Cullman HS 6 - Carroll HS 0
BOTTOM OF THE 1ST
Carroll HS Dragons batting - Pitching for Cullman HS Cavaliers : LHP Phil Kiernan
Pitching: LHP Phil Kiernan
Batting: LHB Peter Hinchman 0-0: Ball
1-0: Called Strike
1-1: Called Strike
1-2: Ball
2-2: SINGLE (Line Drive, 34D, EV 95.0 MPH)
Batting: RHB Aiden Mero 0-0: Foul Ball, location: 2F
0-1: Swinging Strike
0-2: SINGLE (Groundball, 6D, EV 106.2 MPH)
Peter Hinchman to second
Batting: LHB Bobby Potter 0-0: Swinging Strike
0-1: Ball
1-1: Swinging Strike
1-2: Ball
2-2: Ball
3-2: Strikes out swinging
Batting: LHB Marc Rennie 0-0: Called Strike
0-1: Called Strike
0-2: Strikes out looking
Batting: RHB Kuran Tatsumi 0-0: Ball
1-0: Ball
2-0: Ball
3-0: Called Strike
3-1: Called Strike
3-2: Foul Ball, location: 2F
3-2: Strikes out looking
Bottom of the 1st over - 0 runs, 2 hits, 0 errors, 2 left on base; Cullman HS 6 - Carroll HS 0
TOP OF THE 2ND
Cullman HS Cavaliers batting - Pitching for Carroll HS Dragons : LHP Jaeden DeVenny
Batting: SHB Joe Harkins 0-0: Foul Ball, location: 2F
0-1: Ground out 6-3 (Groundball, 6, EV 91.2 MPH)
Batting: LHB Phil Whitney 0-0: Ball
1-0: Called Strike
1-1: Ball
2-1: Ball
3-1: Ground out 6-3 (Groundball, 6S, EV 72.5 MPH)
Batting: RHB Max Grady 0-0: Called Strike
0-1: Ball
1-1: Foul Ball, location: 2F
1-2: Strikes out swinging
Top of the 2nd over - 0 runs, 0 hits, 0 errors, 0 left on base; Cullman HS 6 - Carroll HS 0
BOTTOM OF THE 2ND
Carroll HS Dragons batting - Pitching for Cullman HS Cavaliers : LHP Phil Kiernan
Batting: RHB Bradley Howard 0-0: Ball
1-0: Ball
2-0: Called Strike
2-1: Ball
3-1: Foul Ball, location: 2F
3-2: Base on Balls
Batting: RHB Nickolas Nichols 0-0: Swinging Strike
0-1: Ball
1-1: Ball
2-1: Ball
3-1: Base on Balls
Bradley Howard to second
Batting: RHB Ty Emanuel 0-0: Ball
1-0: Called Strike
1-1: Called Strike
1-2: Fly out, F9 (Flyball, 9, EV 88.8 MPH)
Batting: RHB Kyle Askin 0-0: Fly out, F9 (Flyball, 9D, EV 91.9 MPH)
Runner from 2nd tags up, SAFE at 3rd, no throw by RF
Batting: LHB Peter Hinchman 0-0: Ball
1-0: Foul Ball, location: 2F
1-1: Fly out, F7 (Flyball, 78S, EV 87.5 MPH)
Bottom of the 2nd over - 0 runs, 0 hits, 0 errors, 2 left on base; Cullman HS 6 - Carroll HS 0
TOP OF THE 3RD
Cullman HS Cavaliers batting - Pitching for Carroll HS Dragons : LHP Jaeden DeVenny
Batting: RHB Randall Huerta 0-0: Ground out 6-3 (Groundball, 6, EV 88.8 MPH)
Batting: RHB Donovan Canziani 0-0: Called Strike
0-1: Swinging Strike
0-2: Foul Ball, location: 2F
0-2: Foul Ball, location: 2F
0-2: Foul Ball, location: 2F
0-2: Ground out 5-3 (Groundball, 5, EV 105.6 MPH)
Batting: RHB Joel Sullivan 0-0: Called Strike
0-1: Called Strike
0-2: Ball
1-2: Ball
2-2: Ball
3-2: Strikes out swinging
Top of the 3rd over - 0 runs, 0 hits, 0 errors, 0 left on base; Cullman HS 6 - Carroll HS 0
BOTTOM OF THE 3RD
Carroll HS Dragons batting - Pitching for Cullman HS Cavaliers : LHP Phil Kiernan
Batting: RHB Aiden Mero 0-0: SINGLE (Groundball, 4MD, EV 88.1 MPH) (infield hit)
Batting: LHB Bobby Potter 0-0: Ball
1-0: Ball
2-0: Foul Ball, location: 2F
2-1: Ball
3-1: Base on Balls
Aiden Mero to second
Batting: LHB Marc Rennie 0-0: Foul Ball, location: 2F
0-1: Foul Ball, location: 2F
0-2: Ball
1-2: Foul Ball, location: 2F
1-2: Ball
2-2: Foul Ball, location: 2F
2-2: Foul Ball, location: 2F
2-2: Ball
3-2: Base on Balls
Aiden Mero to third
Bobby Potter to second
Batting: RHB Kuran Tatsumi 0-0: Fly out, F9 (Line Drive, 89M, EV 91.2 MPH)
Runner from 3rd tags up, SCORES, throw by RF
Bobby Potter to third
Batting: RHB Bradley Howard 0-0: Fly out, F9 (Flyball, 9LM, EV 94.4 MPH)
Batting: RHB Nickolas Nichols 0-0: Fly out, F2 (Popup, 2L, EV 89.4 MPH)
Bottom of the 3rd over - 1 run, 1 hit, 0 errors, 2 left on base; Cullman HS 6 - Carroll HS 1
TOP OF THE 4TH
Cullman HS Cavaliers batting - Pitching for Carroll HS Dragons : LHP Jaeden DeVenny
Batting: RHB Ricky Potthoff 0-0: Called Strike
0-1: Foul Ball, location: 2F
0-2: Ball
1-2: SINGLE (Flyball, 8LS, EV 85.0 MPH)
Batting: LHB Clark Norrell 0-0: Called Strike
0-1: Ball
1-1: Ball
2-1: Foul Ball, location: 2F
2-2: Foul Ball, location: 2F
2-2: Ball
3-2: Base on Balls
Ricky Potthoff to second
Batting: LHB Chris Johnson 0-0: Ball
1-0: Called Strike
1-1: Ball
2-1: Foul Ball, location: 2F
2-2: Ball
3-2: Grounds into double play, 4-6-3 (Groundball, 4, EV 78.8 MPH)
Ricky Potthoff to third
Batting: SHB Joe Harkins 0-0: Ball
1-0: Called Strike
1-1: Ball
2-1: Fly out, F8 (Line Drive, 8RM, EV 100.0 MPH)
Top of the 4th over - 0 runs, 1 hit, 0 errors, 1 left on base; Cullman HS 6 - Carroll HS 1
BOTTOM OF THE 4TH
Carroll HS Dragons batting - Pitching for Cullman HS Cavaliers : LHP Phil Kiernan
Batting: RHB Ty Emanuel 0-0: Swinging Strike
0-1: Foul Ball, location: 2F
0-2: Strikes out looking
Batting: RHB Kyle Askin 0-0: Reached on error, E6 (Groundball, 6, EV 84.4 MPH)
Batting: LHB Peter Hinchman 0-0: Foul Ball, location: 2F
0-1: Foul Ball, location: 2F
0-2: Ball
1-2: Ball
2-2: Ball
3-2: SINGLE (Line Drive, 56D, EV 97.5 MPH)
Kyle Askin to third
Runner from 3rd tries for Home, SAFE, throw by LF to home
Batting: RHB Aiden Mero 0-0: Ball
1-0: SINGLE (Groundball, 56D, EV 99.4 MPH)
Peter Hinchman to second
Batting: LHB Bobby Potter 0-0: Ball
1-0: 3-RUN HOME RUN (Flyball, 7D, EV 98.1 MPH), Distance : 370 ft
Pitching: LHP Cole Beaver
Batting: LHB Marc Rennie 0-0: Ball
1-0: Swinging Strike
1-1: Foul Ball, location: 2F
1-2: Strikes out swinging
Batting: RHB Kuran Tatsumi 0-0: Called Strike
0-1: Foul Ball, location: 2F
0-2: Ground out 4-3 (Groundball, 4, EV 81.2 MPH)
Bottom of the 4th over - 4 runs, 3 hits, 1 error, 0 left on base; Cullman HS 6 - Carroll HS 5
TOP OF THE 5TH
Cullman HS Cavaliers batting - Pitching for Carroll HS Dragons : LHP Jaeden DeVenny
Batting: LHB Phil Whitney 0-0: Foul Ball, location: 2F
0-1: Foul Ball, location: 2F
0-2: Ball
1-2: Strikes out swinging
Batting: RHB Max Grady 0-0: Ball
1-0: Called Strike
1-1: Fly out, F7 (Flyball, 7D, EV 101.2 MPH)
Batting: RHB Randall Huerta 0-0: Ball
1-0: Ball
2-0: Foul Ball, location: 2F
2-1: Foul Ball, location: 2F
2-2: Ball
3-2: SINGLE (Flyball, 6D, EV 82.5 MPH)
Batting: RHB Donovan Canziani 0-0: Ground out 5-3 (Groundball, 56S, EV 83.1 MPH)
Top of the 5th over - 0 runs, 1 hit, 0 errors, 1 left on base; Cullman HS 6 - Carroll HS 5
BOTTOM OF THE 5TH
Carroll HS Dragons batting - Pitching for Cullman HS Cavaliers : LHP Cole Beaver
Batting: RHB Bradley Howard 0-0: Ball
1-0: Foul Ball, location: 2F
1-1: Foul Ball, location: 2F
1-2: Ball
2-2: DOUBLE (Line Drive, 3D, EV 98.8 MPH)
Batting: RHB Nickolas Nichols 0-0: Ground out 5-3 (Groundball, 56, EV 104.4 MPH)
Batting: RHB Ty Emanuel 0-0: Foul Ball, location: 2F
0-1: Ball
1-1: Foul Ball, location: 2F
1-2: Ball
2-2: Ground out 5-3 (Groundball, 5, EV 108.1 MPH)
Batting: RHB Kyle Askin 0-0: Foul Ball, location: 2F
0-1: Called Strike
0-2: Foul Ball, location: 2F
0-2: Ball
1-2: Ground out 6-3 (Groundball, 6, EV 80.6 MPH)
Bottom of the 5th over - 0 runs, 1 hit, 0 errors, 1 left on base; Cullman HS 6 - Carroll HS 5
TOP OF THE 6TH
Cullman HS Cavaliers batting - Pitching for Carroll HS Dragons : LHP Jaeden DeVenny
Batting: RHB Joel Sullivan 0-0: Called Strike
0-1: Foul Ball, location: 2F
0-2: Strikes out looking
Batting: RHB Ricky Potthoff 0-0: Ball
1-0: Fly out, F5 (Flyball, 56D, EV 90.0 MPH)
Pitching: RHP Cameron Yates
Batting: LHB Clark Norrell 0-0: Called Strike
0-1: SINGLE (Groundball, 4MD, EV 103.1 MPH)
Batting: LHB Chris Johnson 0-0: Ball
Clark Norrell is caught stealing 2nd base 2-6
Top of the 6th over - 0 runs, 1 hit, 0 errors, 0 left on base; Cullman HS 6 - Carroll HS 5
BOTTOM OF THE 6TH
Carroll HS Dragons batting - Pitching for Cullman HS Cavaliers : LHP Cole Beaver
Batting: LHB Peter Hinchman 0-0: Ball
1-0: Foul Ball, location: 2F
1-1: Foul Ball, location: 2F
1-2: SINGLE (Flyball, 56D, EV 90.6 MPH)
Batting: RHB Aiden Mero 0-0: Foul Ball, location: 2F
0-1: Foul Ball, location: 2F
0-2: Hit by Pitch
Peter Hinchman to second
Batting: LHB Bobby Potter 0-0: Ball
Peter Hinchman is caught stealing 3rd base 2-5
Aiden Mero to second
1-0: Ball
2-0: Ball
3-0: Called Strike
3-1: SINGLE (Line Drive, 89S, EV 98.8 MPH)
Aiden Mero to third
Batting: LHB Marc Rennie 0-0: Ball
1-0: Called Strike
Bobby Potter steals 2nd base
1-1: Ground out 6-3 (Groundball, 6, EV 80.0 MPH)
Batting: RHB Kuran Tatsumi 0-0: Ball
1-0: Ball
2-0: Ball
3-0: Called Strike
3-1: SINGLE (Line Drive, 89M, EV 108.8 MPH)
Aiden Mero scores
Bobby Potter to third
Batting: RHB Bradley Howard 0-0: Swinging Strike
0-1: Ball
1-1: Ball
2-1: Swinging Strike
2-2: Strikes out swinging
Bottom of the 6th over - 1 run, 3 hits, 0 errors, 2 left on base; Cullman HS 6 - Carroll HS 6
TOP OF THE 7TH
Cullman HS Cavaliers batting - Pitching for Carroll HS Dragons : RHP Cameron Yates
Batting: LHB Chris Johnson 0-0: Called Strike
0-1: Swinging Strike
0-2: Ball
1-2: Strikes out looking
Batting: SHB Joe Harkins 0-0: Ball
1-0: Ball
2-0: Ball
3-0: Called Strike
3-1: SINGLE (Groundball, 34D, EV 98.8 MPH)
Batting: LHB Phil Whitney 0-0: Called Strike
0-1: Ball
1-1: Foul Ball, location: 2F
1-2: Ball
2-2: Fielders Choice at 2nd, 3-6 (Groundball, 3, EV 90.0 MPH)
Batting: RHB Max Grady 0-0: Ground out U3 (Groundball, 23, EV 90.0 MPH)
Top of the 7th over - 0 runs, 1 hit, 0 errors, 1 left on base; Cullman HS 6 - Carroll HS 6
BOTTOM OF THE 7TH
Carroll HS Dragons batting - Pitching for Cullman HS Cavaliers : LHP Cole Beaver
Batting: RHB Nickolas Nichols 0-0: Fly out, F4 (Popup, 4MD, EV 69.4 MPH)
Batting: RHB Ty Emanuel 0-0: Ground out 6-3 (Groundball, P, EV 85.6 MPH)
Batting: RHB Kyle Askin 0-0: Fly out, F8 (Flyball, 8LM, EV 88.8 MPH)
Bottom of the 7th over - 0 runs, 0 hits, 0 errors, 0 left on base; Cullman HS 6 - Carroll HS 6
TOP OF THE 8TH
Cullman HS Cavaliers batting - Pitching for Carroll HS Dragons : RHP Cameron Yates
Pinch Hitting: RHB Phillip Scanlon 0-0: Ground out 5-3 (Groundball, 56, EV 104.4 MPH)
Batting: RHB Donovan Canziani 0-0: Ball
1-0: Called Strike
1-1: Called Strike
1-2: Strikes out swinging
Pinch Hitting: LHB Chase Bezy 0-0: Ball
1-0: Foul Ball, location: 2F
1-1: Ball
2-1: SINGLE (Groundball, 6D, EV 107.5 MPH)
Pinch Hitting: RHB Jamel McKoy 0-0: Fielders Choice at 2nd, 6-4 (Groundball, 6, EV 106.2 MPH)
Top of the 8th over - 0 runs, 1 hit, 0 errors, 1 left on base; Cullman HS 6 - Carroll HS 6
BOTTOM OF THE 8TH
Carroll HS Dragons batting - Pitching for Cullman HS Cavaliers : LHP Cole Beaver
Now at 1B: Jamel McKoy
Now at 2B: Joe Harkins
Now at 3B: Isiah Dominguez
Now at SS: Kyle Yates
Batting: LHB Peter Hinchman 0-0: Ball
1-0: Ground out 1-3 (Groundball, 15S, EV 72.5 MPH)
Batting: RHB Aiden Mero 0-0: Ball
1-0: Swinging Strike
1-1: Foul Ball, location: 2F
1-2: Ball
2-2: Ground out 6-3 (Groundball, 6, EV 105.6 MPH)
Batting: LHB Bobby Potter 0-0: Ball
1-0: Foul Ball, location: 2F
1-1: SINGLE (Line Drive, 34D, EV 96.2 MPH)
Pitching: RHP Jeremy Grigsby
Batting: LHB Marc Rennie 0-0: Ball
1-0: Called Strike
1-1: Foul Ball, location: 2F
1-2: Strikes out swinging
Bottom of the 8th over - 0 runs, 1 hit, 0 errors, 1 left on base; Cullman HS 6 - Carroll HS 6
TOP OF THE 9TH
Cullman HS Cavaliers batting - Pitching for Carroll HS Dragons : RHP Cameron Yates
Pitching: LHP Alan Scott
Batting: LHB Clark Norrell 0-0: Foul Ball, location: 2F
0-1: Ball
1-1: Called Strike
1-2: Ball
2-2: Ground out U3 (Groundball, 3L, EV 106.2 MPH)
Batting: LHB Chris Johnson 0-0: Ball
1-0: SINGLE (Groundball, 4D, EV 98.8 MPH)
Batting: SHB Joe Harkins 0-0: Swinging Strike
0-1: Foul Ball, location: 2F
0-2: Strikes out swinging
Batting: RHB Carter Patton 0-0: Foul Ball, location: 2F
0-1: Ball
1-1: Foul Ball, location: 2F
1-2: Ball
2-2: Strikes out swinging
Top of the 9th over - 0 runs, 1 hit, 0 errors, 1 left on base; Cullman HS 6 - Carroll HS 6
BOTTOM OF THE 9TH
Carroll HS Dragons batting - Pitching for Cullman HS Cavaliers : RHP Jeremy Grigsby
Pinch Hitting: LHB Germaine Graham 0-0: Ball
1-0: Called Strike
1-1: Ball
2-1: Ball
3-1: Base on Balls
Batting: RHB Bradley Howard 0-0: Called Strike
0-1: Ball
1-1: Foul Ball, location: 2F
1-2: Foul Ball, location: 2F
1-2: Ball
2-2: Grounds into double play, 4-6-3 (Groundball, 4, EV 84.4 MPH)
Pinch Hitting: RHB Zane Worsham 0-0: SINGLE (Groundball, 34D, EV 100.0 MPH)
Batting: RHB Ty Emanuel 0-0: Foul Ball, location: 2F
0-1: SINGLE (Line Drive, 89S, EV 93.1 MPH)
Zane Worsham to second
Runner from 2nd tries for 3rd, SAFE, throw by CF made to third
Pinch Hitting: RHB Sean Pioch 0-0: Ball
1-0: Foul Ball, location: 2F
1-1: Ball
2-1: Foul Ball, location: 2F
2-2: Ground out 5-3 (Groundball, 5D, EV 108.1 MPH)
Bottom of the 9th over - 0 runs, 2 hits, 0 errors, 2 left on base; Cullman HS 6 - Carroll HS 6
TOP OF THE 10TH
Cullman HS Cavaliers batting - Pitching for Carroll HS Dragons : LHP Alan Scott
Now at C: Jaeden Wade
Now in LF: Miles Matthews
Now in RF: Tayshaun Boyer
Batting: RHB Max Grady 0-0: Ground out 5-3 (Groundball, 56S, EV 68.1 MPH)
Batting: RHB Isiah Dominguez 0-0: Foul Ball, location: 2F
0-1: Foul Ball, location: 2F
0-2: SINGLE (Flyball, 5D, EV 88.1 MPH)
Batting: RHB Donovan Canziani 0-0: Called Strike
0-1: Ball
1-1: SINGLE (Line Drive, 6D, EV 100.0 MPH)
Isiah Dominguez to second
Batting: SHB Kyle Yates 0-0: Ball
1-0: Ball
2-0: Foul Ball, location: 2F
2-1: Fly out, F8 (Flyball, 8LXD, EV 81.2 MPH)
Runner from 2nd tags up, SAFE at 3rd, no throw by CF
Batting: RHB Jamel McKoy 0-0: Called Strike
0-1: Foul Ball, location: 2F
0-2: Strikes out swinging
Top of the 10th over - 0 runs, 2 hits, 0 errors, 2 left on base; Cullman HS 6 - Carroll HS 6
BOTTOM OF THE 10TH
Carroll HS Dragons batting - Pitching for Cullman HS Cavaliers : RHP Jeremy Grigsby
Pitching: RHP James Binder
Batting: LHB Peter Hinchman 0-0: Ball
1-0: Ball
2-0: SINGLE (Groundball, 6D, EV 108.8 MPH)
Batting: RHB Aiden Mero 0-0: Ball
Peter Hinchman is caught stealing 2nd base 2-4
1-0: Ball
2-0: Foul Ball, location: 2F
2-1: Called Strike
2-2: SINGLE (Line Drive, 9S, EV 104.4 MPH)
Batting: LHB Bobby Potter 0-0: Ball
Aiden Mero steals 2nd base (no throw)
1-0: Ball
2-0: Fly out, F5 (Popup, 15S, EV 90.0 MPH)
Batting: LHB Marc Rennie 0-0: Intentional Walk
Batting: RHB Tayshaun Boyer 0-0: Called Strike
0-1: Foul Ball, location: 2F
0-2: Strikes out swinging
Bottom of the 10th over - 0 runs, 2 hits, 0 errors, 2 left on base; Cullman HS 6 - Carroll HS 6
TOP OF THE 11TH
Cullman HS Cavaliers batting - Pitching for Carroll HS Dragons : LHP Alan Scott
Pitching: RHP Sky Naggenda
Batting: LHB Clark Norrell 0-0: Ball
1-0: Ball
2-0: Ball
3-0: Base on Balls
Batting: LHB Chris Johnson 0-0: Ball
1-0: Called Strike
1-1: Foul Ball, location: 2F
1-2: Fly out, F3 (Popup, 23, EV 85.0 MPH)
Batting: SHB Joe Harkins 0-0: Ball
1-0: Called Strike
Clark Norrell is caught stealing 2nd base 2-6
1-1: Swinging Strike
1-2: Foul Ball, location: 2F
1-2: Strikes out looking
Top of the 11th over - 0 runs, 0 hits, 0 errors, 0 left on base; Cullman HS 6 - Carroll HS 6
BOTTOM OF THE 11TH
Carroll HS Dragons batting - Pitching for Cullman HS Cavaliers : RHP James Binder
Pitching: RHP Tyjon Arias
Batting: RHB Bradley Howard 0-0: Called Strike
0-1: Ball
1-1: Foul Ball, location: 2F
1-2: Foul Ball, location: 2F
1-2: Strikes out swinging
Batting: RHB Miles Matthews 0-0: Foul Ball, location: 2F
0-1: Foul Ball, location: 2F
0-2: Ball
1-2: Fly out, F8 (Flyball, 8LS, EV 77.5 MPH)
Batting: RHB Ty Emanuel 0-0: Ground out 4-3 (Groundball, 4, EV 80.6 MPH)
Bottom of the 11th over - 0 runs, 0 hits, 0 errors, 0 left on base; Cullman HS 6 - Carroll HS 6
TOP OF THE 12TH
Cullman HS Cavaliers batting - Pitching for Carroll HS Dragons : RHP Sky Naggenda
Batting: RHB Carter Patton 0-0: Foul Ball, location: 2F
0-1: Ground out 1-3 (Groundball, 15S, EV 67.5 MPH)
Batting: RHB Max Grady 0-0: Called Strike
0-1: Swinging Strike
0-2: Ball
1-2: Ball
2-2: Ball
3-2: Strikes out looking
Pinch Hitting: LHB Cam Kaleel 0-0: Fly out, F6 (Popup, 6M, EV 80.0 MPH)
Top of the 12th over - 0 runs, 0 hits, 0 errors, 0 left on base; Cullman HS 6 - Carroll HS 6
BOTTOM OF THE 12TH
Carroll HS Dragons batting - Pitching for Cullman HS Cavaliers : RHP Tyjon Arias
Now at 3B: Trevor Trock
Pinch Hitting: LHB Rod Sharpley 0-0: Ball
1-0: Ball
2-0: Foul Ball, location: 2F
2-1: SINGLE (Groundball, 5D, EV 96.2 MPH)
Batting: LHB Peter Hinchman 0-0: Sac Bunt to 25 - play at first, batter OUT! 5-4
Rod Sharpley to second
Batting: RHB Aiden Mero 0-0: SINGLE (Groundball, 56D, EV 110.6 MPH)
Rod Sharpley to third
Runner from 3rd tries for Home, SAFE, throw by LF to home
Bottom of the 12th over - 1 run, 2 hits, 0 errors, 1 left on base; Cullman HS 6 - Carroll HS 7
Wednesday, April 17th , 2024 - OOTP Baseball 23.10 Build 110